 Dungeon Crawl Stone Soup version 0.24.0-123-gd5b16e6ec5 (webtiles) character file.

Game seed: 10927607796379460708, levelgen mode: deterministic

751 Norian the Magician (level 7, -1/36 HPs)
             Began as a Deep Elf Conjurer on Dec 20, 2019.
             Slain by Duvessa
             ... wielding a +0 short sword
              (7 damage)
             ... on level 5 of the Dungeon.
             The game lasted 00:06:17 (3640 turns).

Norian the Magician (Deep Elf Conjurer)             Turns: 3640, Time: 00:06:18

Health: -1/36      AC:  2    Str:  7    XL:     7   Next: 49%
Magic:  1/19       EV: 13    Int: 20    God:
Gold:   141        SH:  0    Dex: 15    Spells: 11/20 levels left

rFire    . . .     SeeInvis .   (no weapon)
rCold    . . .     Gourm    .   (no shield)
rNeg     . . .     Faith    .   a - +0 robe
rPois    .         Spirit   .   (no helmet)
rElec    .         Reflect  .   (no cloak)
rCorr    .         Harm     .   (no gloves)
MR       .....                  (no boots)
Stlth    ++........             (no amulet)
HPRegen  0.12/turn              (no ring)
MPRegen  0.16/turn              (no ring)

@: hasted, very quick
A: no striking features
a: no special abilities


You were on level 5 of the Dungeon.
You were near starving.

You visited 1 branch of the dungeon, and saw 6 of its levels.
You also visited: Ossuary.

You collected 141 gold pieces.

Inventory:

Armour
 a - a +0 robe (worn)
Jewellery
 h - an uncursed amulet of rage {unknown}
Wands
 n - a wand of digging (2)
Scrolls
 d - a scroll of random uselessness {unknown}
 e - a scroll of enchant weapon {unknown}
 f - 2 scrolls of blinking {unknown}
 g - 3 scrolls of magic mapping {unknown}
 i - 10 scrolls of identify {unknown}
 m - 2 scrolls of remove curse {unknown}
 o - 2 scrolls of enchant armour {unknown}
 p - 2 scrolls of immolation {unknown}
Potions
 b - a potion of haste
 j - 3 potions of degeneration {unknown}
 k - 4 potions of curing {unknown}
 l - a potion of heal wounds {unknown}
 q - a potion of agility {unknown}
 r - a potion of flight {unknown}
 s - a potion of mutation {unknown}
Comestibles
 c - 2 rations


   Skills:
 - Level 2.4 Dodging
 - Level 2.4 Stealth
 + Level 7.4 Spellcasting
 + Level 7.2 Conjurations
 + Level 4.7 Hexes


You had 11 spell levels left.
You knew the following spells:

 Your Spells              Type           Power        Failure   Level  Hunger
a - Magic Dart            Conj           ####         1%          1    None
b - Iskenderun's Mystic   Conj           #####...     4%          4    ###....
c - Fulminant Prism       Conj/Hex       ####......   8%          4    ###....

Your spell library contained the following spells:

 Spells                   Type           Power        Failure   Level  Hunger
 Searing Ray              Conj           #####.       1%          2    None
 Dazzling Spray           Conj/Hex       ####..       2%          3    #......
 Force Lance              Conj/Tloc      ###.....     21%         4    ###....


Dungeon Overview and Level Annotations

Branches:
Dungeon (6/15)            Ossuary (visited)
 Temple: D:4-7

Altars:
Nemelex Xobeh
Okawaru

Annotations:
D:5 Duvessa, Menkaure


Message History

Duvessa hits you but does no damage. Duvessa barely misses you.
Okay, then.
Duvessa barely misses you. Duvessa hits you with a +0 short sword.
Casting: Iskenderun's Mystic Blast (safe; 4% risk of failure)
Confirm with . or Enter, or press ? or * to list all spells.
Aiming: Magic Dart (safe; 1% risk of failure)
Press: ? - help, Shift-Dir - straight line, f/p - Duvessa
Aim: Duvessa, wielding a +0 short sword and wearing a +0 leather armour (severely wounded, fast)
The magic dart hits Duvessa.
Duvessa is severely wounded.
Duvessa says, "The sword shall overcome grief!"
Duvessa hits you with a +0 short sword. Duvessa hits you with a +0 short sword!
Duvessa grits her teeth and focuses.
Duvessa hits you with a +0 short sword. Duvessa hits you with a +0 short sword!
* * * LOW HITPOINT WARNING * * *
You feel yourself speed up. Duvessa hits you with a +0 short sword!
You die...

#.# #.# #...###.##
#.# #.# #....#.##
#.# #.# #..##.##
(.###.# #..####
#### ...##.#
#####..# #...
......# #......#
#.##
..>#########.###.##
#.# ....)........#
#.# ### #.#
.#############
#@######.######.#
.#
#e#.............#
.#
#..........######
.# ###.###...## ..
#.# ##.## #.# #.#
#.# #.# #.# #.# #.#
#[#######


You could see Duvessa.

Vanquished Creatures
  A phantom (D:5)
  2 ogres (D:5)
  A bullfrog (D:5)
  Dowan (D:5)
  3 wights (Ossuary)
  A hound (D:5)
  2 iguanas (D:4)
  A worker ant (D:5)
  A hound skeleton (D:4)
  5 adders
  2 gnolls (D:4)
  A shadow imp (D:5)
  An ooze (D:4)
  An adder skeleton (D:5)
  An adder zombie (Ossuary)
  A worm (D:4)
  A leopard gecko (D:4)
  3 orcs
  5 bats
  5 giant cockroaches
  A goblin (D:1)
  3 hobgoblins
  5 jackals (D:4)
  2 quokkas
  A ball python skeleton (Ossuary)
  3 frilled lizards
  A hobgoblin skeleton (Ossuary)
  A jackal zombie (D:5)
  7 kobolds
  3 orc skeletons (Ossuary)
  2 orc zombies (Ossuary)
  A quokka zombie (D:5)
  7 rats
76 creatures vanquished.

Vanquished Creatures (others)
  2 fulminant prisms (D:5)
2 creatures vanquished.

Grand Total: 78 creatures vanquished

Notes
Turn   | Place    | Note
-------+----------+-------------------------------------------
     0 | D:1      | Norian the Deep Elf Conjurer began the quest for the Orb.
     0 | D:1      | Reached XP level 1. HP: 10/10 MP: 6/6
   421 | D:1      | Reached XP level 2. HP: 12/15 MP: 4/8
   523 | D:1      | Found a sparkling altar of Nemelex Xobeh.
   569 | D:2      | You fall into a shaft and drop 2 floors!
   638 | D:4      | Reached skill level 5 in Conjurations
   638 | D:4      | Reached XP level 3. HP: 13/19 MP: 2/10
   872 | D:4      | Reached XP level 4. HP: 24/24 MP: 8/12
   959 | D:4      | Reached skill level 5 in Spellcasting
  1066 | D:4      | Found an iron altar of Okawaru.
  1461 | D:4      | Reached XP level 5. HP: 28/28 MP: 6/15
  1812 | D:5      | Entered Level 5 of the Dungeon
  1835 | D:5      | Found a sand-covered staircase.
  1844 | D:5      | Learned a level 4 spell: Iskenderun's Mystic Blast
  1849 | D:5      | Learned a level 4 spell: Fulminant Prism
  1851 | Ossuary  | Entered an ossuary
  2008 | Ossuary  | Reached skill level 1 in Hexes
  2255 | Ossuary  | Noticed a wraith
  2255 | Ossuary  | Noticed a flying skull
  2263 | Ossuary  | Noticed a flying skull
  2290 | Ossuary  | Noticed a flying skull
  2310 | Ossuary  | Noticed a flying skull
  2387 | Ossuary  | Reached XP level 6. HP: 19/32 MP: 3/17
  2486 | Ossuary  | Noticed a flying skull
  2887 | D:3      | You fall into a shaft and drop 2 floors!
  3157 | D:5      | Noticed Dowan
  3161 | D:5      | Killed Dowan
  3249 | D:5      | Noticed Duvessa
  3251 | D:5      | Reached XP level 7. HP: 21/36 MP: 12/19
  3570 | D:5      | Noticed Menkaure
  3640 | D:5      | Slain by Duvessa

Levels and vault maps discovered:
D:1:      lightli_arrival_noodles, layout_loops_ring,
          nemelex_diamond_rough_becter
D:2:      layout_basic, small_statue_intersection
D:3:      layout_basic, marbit_many_paths
D:4:      layout_basic, okawaru_altar_gauntlet_db
D:5:      layout_loops_ring, eat_drink_and_be_merry_uskayaw, enter_ossuary_2,
          first_ration, uniq_crazy_yiuf_cottage, uniq_menkaure, uniq_duvessa
D:6:      layout_rooms, grunt_temple_overflow_cloverleaf,
          minmay_temple_entry_junction, uniq_grinder

Skill      XL: |  1  2  3  4  5  6  7 |
---------------+----------------------+-----
Spellcasting   | 4 5 6 7 |  7.4
Conjurations   | 5 6 7 |  7.2
Hexes          | 2 3 4 |  4.7
Dodging        | |  2.4
Stealth        | |  2.4

Action                   |  1- 3 |  4- 6 |  7- 9 || total
-------------------------+-------+-------+-------++-------
 Cast: Magic Dart        |    54 |   110 |    21 ||   185
       Iskenderun's Myst |       |    20 |     8 ||    28
       Fulminant Prism   |       |     1 |     1 ||     2
  Use: Potion            |       |       |     1 ||     1
  Eat: Chunk             |       |     3 |       ||     3
       Ration            |       |     2 |       ||     2
Armor: Robe              |     2 |     4 |     1 ||     7
Dodge: Dodged            |     9 |    13 |     6 ||    28
